 Dungeon Crawl Stone Soup version 0.23.2 (webtiles) character file.

Game seed: 13584952426572001196

4 Goblin1989 the Vexing (level 1, -3/15 HPs)
             Began as a Demonspawn Arcane Marksman on Apr 3, 2019.
             Slain by a hobgoblin
             ... wielding a +0 club
              (4 damage)
             ... on level 1 of the Dungeon.
             The game lasted 00:00:45 (225 turns).

Goblin1989 the Vexing (Demonspawn Arcane Marksman)   Turns: 225, Time: 00:00:46

Health: -3/15      AC:  2    Str: 10    XL:     1   Next: 50%
Magic:  2/2        EV: 12    Int: 14    God:
Gold:   17         SH:  0    Dex: 13    Spells: 1/2 levels left

rFire    . . .     SeeInvis .   g - +0 whip
rCold    . . .     Gourm    .   (no shield)
rNeg     . . .     Faith    .   f - +0 robe
rPois    .         Spirit   .   (no helmet)
rElec    .         Reflect  .   (no cloak)
rCorr    .         Harm     .   (no gloves)
MR       .....                  (no boots)
Stlth    +.........             (no amulet)
HPRegen  0.05/turn              (no ring)
MPRegen  0.08/turn              (no ring)

@: no status effects
A: no striking features
a: no special abilities


You were on level 1 of the Dungeon.
You were not hungry.

You visited 1 branch of the dungeon, and saw 1 of its levels.

You collected 17 gold pieces.

Inventory:

Hand Weapons
 a - a +0 hunting sling
 g - a +0 whip (weapon)
Missiles
 d - 49 sling bullets
 i - 18 stones (quivered) {@Q3}
Armour
 f - a +0 robe (worn)
Scrolls
 k - a scroll of identify {unknown}
Potions
 j - a potion of resistance {unknown}
Comestibles
 e - a ration
 h - 2 chunks of flesh


   Skills:
 - Level 1.3 Fighting
 * Level 0.5 Maces & Flails
 - Level 1.7 Slings
 - Level 1.7 Dodging
 - Level 1.0 Spellcasting
 - Level 3.0 Hexes


You had one spell level left.
You knew the following spells:

 Your Spells              Type           Power        Failure   Level  Hunger
a - Corona                Hex            #......      8%          1    ##.....

Your spell library contained the following spells:

 Spells                   Type           Power        Failure   Level  Hunger
 Slow                     Hex            #.......     12%         2    ###....
 Inner Flame              Hex/Fire       #.......     38%         3    ####...
 Portal Projectile        Hex/Tloc       #.....       38%         3    ####...
 Cause Fear               Hex            #.........   58%         4    #####..
 Leda's Liquefaction      Hex/Erth       #.........   80%         4    #####..


Dungeon Overview and Level Annotations

Branches:
Dungeon (1/15)

Altars:


Message History

You take 3 damage, and have 12/15 hp.
You hit the rat but do no damage. The rat bites you.
You take 3 damage, and have 9/15 hp.
You are too injured to fight recklessly!
You are too injured to fight recklessly!
You are too injured to fight recklessly!
You are too injured to fight recklessly!
You are too injured to fight recklessly!
You are too injured to fight recklessly!
You are too injured to fight recklessly!
You are too injured to fight recklessly!
You are too injured to fight recklessly!
You are too injured to fight recklessly!
You are too injured to fight recklessly!
You are too injured to fight recklessly!
You are too injured to fight recklessly!
You are too injured to fight recklessly!
You are too injured to fight recklessly!
You hit the rat.
You kill the rat!
You see here a rat corpse.
You see here a rat corpse.
Key pressed, stopping explore.
You butcher the rat corpse.
h - 2 chunks of flesh (gained 1)
You see here a rat skeleton. x2
Health restored: 15 You now have 11 gold pieces.
j - a smoky brown potion You now have 17 gold pieces (gained 6).
k - a scroll labeled ZUINYI NADIU A goblin comes into view.
It is wielding a +0 club.
A goblin is nearby!
A goblin is nearby!
A goblin is nearby!
You see here 10 gold pieces.
The goblin shouts!
The goblin hits you with a +0 club.
You take 2 damage, and have 13/15 hp.
You hit the goblin.
The goblin is severely wounded.
The goblin hits you with a +0 club.
You take 5 damage, and have 8/15 hp.
MASSIVE DAMAGE!!
You are too injured to fight recklessly!
You are too injured to fight recklessly!
You are too injured to fight recklessly!
You are too injured to fight recklessly!
You are too injured to fight recklessly!
You are too injured to fight recklessly!
You are too injured to fight recklessly!
You are too injured to fight recklessly!
You are too injured to fight recklessly!
You are too injured to fight recklessly!
You are too injured to fight recklessly!
You are too injured to fight recklessly!
You are too injured to fight recklessly!
You are too injured to fight recklessly!
You are too injured to fight recklessly!
You are too injured to fight recklessly!
You miss the goblin.
The goblin is severely wounded.
The goblin hits you with a +0 club.
You take 1 damage, and have 7/15 hp.
You barely miss the goblin.
The goblin is severely wounded.
A hobgoblin comes into view. It is wielding a +0 club.
The goblin barely misses you.
The hobgoblin shouts!
You hit the goblin.
You kill the goblin!
You see here a +0 club.
You see here 10 gold pieces.
You hit the hobgoblin.
The hobgoblin is heavily wounded.
The hobgoblin closely misses you.
You hit the hobgoblin but do no damage.
The hobgoblin is heavily wounded.
The hobgoblin hits you but does no damage.
You barely miss the hobgoblin.
The hobgoblin is heavily wounded.
The hobgoblin hits you with a +0 club.
* * * LOW HITPOINT WARNING * * *
You take 3 damage, and have 5/15 hp.
You hit the hobgoblin.
The hobgoblin is severely wounded.
The hobgoblin hits you with a +0 club.
* * * LOW HITPOINT WARNING * * *
You take 1 damage, and have 4/15 hp.
You hit the hobgoblin but do no damage.
The hobgoblin is heavily wounded.
The hobgoblin hits you with a +0 club.
* * * LOW HITPOINT WARNING * * *
You take 3 damage, and have 1/15 hp.
You hit the hobgoblin but do no damage.
The hobgoblin is heavily wounded.
The hobgoblin hits you but does no damage.
You hit the hobgoblin.
The hobgoblin is severely wounded.
The hobgoblin hits you with a +0 club.
You die... █... .... █.. ████ █.... .(█ ███...█████████.███████ █.....................█ █.█...█.█.█████)█████.█ ██.██.██.█.█ █g█

...██....█÷█
█@█
.█.██..███.█
█.█ █..██..█
█.█████.█
██.....█
█.......█
█..██.██
█..██████
.█....█ █..█
██.████ █..█
██.█ █..█
...███████..█


You could see a hobgoblin.

Vanquished Creatures
  A goblin (D:1)
  A kobold (D:1)
  A bat (D:1)
  A rat (D:1)
4 creatures vanquished.

Notes
Turn   | Place    | Note
-------+----------+-------------------------------------------
     0 | D:1      | Goblin1989 the Demonspawn Arcane Marksman began the quest
                  | for the Orb.
     0 | D:1      | Reached XP level 1. HP: 15/15 MP: 2/2
   225 | D:1      | Slain by a hobgoblin

Action                   || total
-------------------------++-------
Melee: Whip              ||    17
 Fire: Hunting sling     ||     1
Armor: Robe              ||     1
Dodge: Dodged            ||     4

Levels and vault maps discovered:
D:1:      dpeg_arrival_line_fractal, layout_loops_ring,
          nicolae_ashenzari_panopticon
